 Dungeon Crawl Stone Soup version 0.29.1-4-g47bece8355 (webtiles) character file.

Game seed: 11087085739538085760

4 sanboga the Shield-Bearer (level 1, -1/18 HPs)
             Began as a Formicid Fighter on Dec 1, 2022.
             Slain by a quokka (3 damage)
             ... on level 1 of the Dungeon.
             The game lasted 00:00:16 (154 turns).

sanboga the Shield-Bearer (Formicid Fighter)         Turns: 154, Time: 00:00:17

Health: -1/18      AC:  6    Str: 20    XL:     1   Next: 66%
Magic:  1/1        EV:  9    Int:  7    God:
Gold:   0          SH:  5    Dex: 13    Spells: 0/0 levels left

rFire   . . .      SeeInvis +   a - +0 war axe
rCold   . . .      Faith    .   c - +0 buckler
rNeg    . . .      Spirit   .   b - +0 scale mail
rPois   .          Reflect  .   (helmet unavailable)
rElec   .          Harm     .   (no cloak)
rCorr   .          Rampage  .   (no gloves)
Will    .....                   (no boots)
Stlth   ..........              (no amulet)
HPRegen 0.06/turn               (no ring)
MPRegen 0.07/turn               (no ring)

@: no status effects
A: permanent stasis, dig shafts and tunnels, antennae 3, four strong arms
a: Dig, Shaft Self


You were on level 1 of the Dungeon.
You visited 1 branch of the dungeon, and saw 1 of its levels.

Inventory:

Hand Weapons
 a - a +0 war axe (weapon)
Armour
 b - a +0 scale mail (worn)
 c - a +0 buckler (worn)
Scrolls
 f - a scroll of identify {unknown}
Potions
 d - a potion of might
 e - a potion of resistance {unknown}


   Skills:
 + Level 3.3 Fighting
 + Level 2.1 Axes
 + Level 3.3 Armour
 + Level 4.1 Shields


You couldn't memorise any spells.
You didn't know any spells.
Your spell library was empty.

Dungeon Overview and Level Annotations

Branches:
Dungeon (1/15)

Altars:


Innate Abilities, Weirdness & Mutations

You cannot be hasted, slowed, berserked, paralysed or teleported.
You can dig through walls and to a lower floor.
You have a pair of large antennae on your head. (SInv)
Your four strong arms can wield two-handed weapons with a shield.


Message History

An endoplasm and a quokka come into view.
A bat and a hobgoblin come into view.
The hobgoblin shouts!
You hear a shout! x2
A kobold comes into view. It is wielding a +0 short sword.
There are monsters nearby!
The kobold hits you but does no damage. The hobgoblin hits you.
The kobold attacks as you move away! You block the kobold's attack.
The bat hits you but does no damage. The bat hits you but does no damage. x2
The hobgoblin attacks as you move away! The hobgoblin hits you.
The quokka attacks as you move away! The quokka bites you.
The bat barely misses you.
The quokka twitches its whiskers.
The hobgoblin attacks as you move away! The hobgoblin barely misses you.
You block the bat's attack. The quokka barely misses you.
You block the bat's attack.
You closely miss the quokka. The quokka bites you.
You miss the quokka.
The quokka bites you but does no damage. x2
You barely miss the quokka. The quokka bites you. x2
You hit the quokka but do no damage. The quokka bites you.
You hit the quokka.
The quokka is heavily wounded.
The quokka closely misses you.
The quokka bites you but does no damage.
You barely miss the quokka.
The quokka is heavily wounded.
The quokka closely misses you. The quokka barely misses you.
You hit the quokka.
The quokka is severely wounded.
You block the quokka's attack.
You miss the quokka.
The quokka is severely wounded.
The quokka bites you but does no damage.
The quokka bites you.
* * * LOW HITPOINT WARNING * * *
You hit the quokka but do no damage.
The quokka is severely wounded.
The quokka bites you.
You die...

..... #...# .. #...# ...
#...# ###.###### ####...# {
.........# #......# #
#.......# .......#..{#
#.#..##...#
#.###..#..K########.#.......#
#.{##gbr@..#......##..... #..
#.####.#.##.#.###...# .#..
#.#.................#
....##.#.##.#.#.##.#######
..........>..#.#.##>#
....##########......# #.
###.#### #.# #.#


You could see a quokka, a hobgoblin, a bat and a kobold.

Vanquished Creatures
  A giant cockroach (D:1)
  3 bats (D:1)
4 creatures vanquished.

Notes
Turn   | Place    | Note
-------+----------+-------------------------------------------
     0 | D:1      | sanboga the Formicid Fighter began the quest for the Orb.
     0 | D:1      | Reached XP level 1. HP: 18/18 MP: 1/1
   154 | D:1      | Slain by a quokka

Illustrated notes

Levels and vault maps discovered:
D:1:      dpeg_arrival_arbitrary_c, layout_loops_cross,
          chequers_ecumenical_altar_island

Action                   || total
-------------------------++-------
Melee: War axe           ||    19
Armor: Scale mail        ||    13
Dodge: Dodged            ||    11
Block: Buckler           ||     7
